 Dungeon Crawl Stone Soup version 0.30.1-9-gdf580d7c3d (webtiles) character file.

Game seed: 8666794322710165438

88 Dillybarz the Trooper (level 4, -6/40 HPs)
             Began as a Minotaur Fighter on Oct 20, 2023.
             Blown up by Pikel (12 damage)
             ... with a mindburst bolt
             ... on level 3 of the Dungeon.
             The game lasted 00:06:54 (2192 turns).

Dillybarz the Trooper (Minotaur Fighter)            Turns: 2192, Time: 00:06:54

Health: -6/40      AC:  7    Str: 22    XL:     4   Next: 29%
Magic:  3/3        EV: 17    Int:  5    God:
Gold:   110        SH:  0    Dex: 10    Spells: 3/3 levels left

rFire   + + .        a - melded +0 war axe
rCold   + + .        c - melded +0 buckler
rNeg    + + +        b - melded +0 scale mail
rPois   ∞            (helmet currently unavailable)
rElec   +            (cloak currently unavailable)
rCorr   +            (gloves currently unavailable)
SInv    .            (boots currently unavailable)
Will    .....        (amulet currently unavailable)
Stlth   +            (ring currently unavailable)
HPRegen 0.26/turn    (ring currently unavailable)
MPRegen 0.08/turn

%: no passive effects
@: wisp-form (expiring), flying
A: insubstantial, flying, no casting, tiny, (horns 2), (retaliatory headbutt)
a: no special abilities


You were on level 3 of the Dungeon.
You were an insubstantial wisp.
You visited 1 branch of the dungeon, and saw 5 of its levels.

You collected 110 gold pieces.

Inventory:

Hand Weapons
 a - a +0 war axe (melded)
Missiles
 h - 20 stones (quivered)
Armour
 b - a +0 scale mail (melded)
 c - a +0 buckler (melded)
Scrolls
 e - a scroll of blinking
 l - a scroll of identify
 m - a scroll of amnesia {unknown}
 r - a scroll of fog {unknown}
 s - a scroll of enchant armour {unknown}
Potions
 d - a potion of might
 f - 4 potions of curing
 g - a potion of invisibility
 i - a potion of heal wounds
 j - 2 potions of brilliance {unknown}
 k - a potion of flight {unknown}
 n - a potion of lignification {unknown}
 o - a potion of degeneration {unknown}
 p - a potion of attraction {unknown}
 q - a potion of resistance {unknown}


   Skills:
 + Level 4.3 Fighting
 * Level 3.9 Axes
 + Level 4.2 Armour
 + Level 4.2 Shields


You had 3 spell levels left.
You didn't know any spells.
Your spell library contained the following spells:

 Spells                   Type           Power      Damage    Failure   Level
 Summon Guardian Golem    Hex/Summ       0%         N/A       85%         3
 Orb of Destruction       Conj           0%         9d5       100%        7
 Spellforged Servitor     Conj/Summ      0%         N/A       100%        7


Dungeon Overview and Level Annotations

Branches:
Dungeon (5/15)
 Temple: D:4-7

Altars:
Dithmenos
The Shining One

Annotations:
D:3 Pikel
D:4 Ijyb


Innate Abilities, Weirdness & Mutations

You are an insubstantial wisp.
Your tiny insubstantial body is highly resistant to most damage types.
You are flying.
Your equipment is entirely melded.
You are incapable of wielding weapons or throwing items.
You cannot cast spells.
((You have a pair of horns on your head.))
((You reflexively headbutt those who attack you in melee.))


Message History

Ijyb screams, "Level is mine!
All mine!"
The jackal attacks as you move away! The jackal barely misses you.
A giant cockroach and a jackal come into view.
The jackal barks!
A jackal comes into view.
The jackal barely misses you. Pikel misses you.
There is a stone staircase leading up here.
The jackal barks!
The jackal misses you.
Pikel hits you with a +2 whip of freezing.
You fly upwards.
There is a stone staircase leading down here.
You touch the jackal!
You kill the jackal!
You see here a jackal corpse.
You touch Pikel.
Pikel is lightly wounded.
Pikel misses you.
You barely miss Pikel.
Pikel is lightly wounded.
Pikel hits you with a +2 whip of freezing.
You touch Pikel.
Pikel is lightly wounded.
Pikel barely misses you.
You touch Pikel but do no damage.
Pikel is lightly wounded.
Your transformation is almost over.
Pikel hits you with a +2 whip of freezing!
Pikel freezes you.
You touch Pikel but do no damage.
Pikel is lightly wounded.
Pikel misses you. Pikel attacks as you move away!
Pikel hits you with a +2 whip of freezing!
* * * LOW HITPOINT WARNING * * *
Pikel freezes you.
* * * LOW HITPOINT WARNING * * *
Pikel zaps a wand.
You barely resist.
Pikel zaps a wand.
Your mind is blasted!
You die...

.# .# ## .# .# .#
.# # .####.# .#
.#....# .# #
....... ##
#.######........
#..>K..v.......#
##########.....#
#..# #..# #..# ####
#..#######
.....#####.........
####
###........######
[..# .....##.#...##


You could see Pikel.

Vanquished Creatures
  2 adders
  2 worms (D:2)
  An orc (D:3)
  9 endoplasms
  3 giant cockroaches
  7 goblins
  8 hobgoblins
  3 jackals
  4 kobolds
  4 quokkas
  A ball python (D:1)
  2 bats (D:2)
  2 frilled lizards
  6 rats
54 creatures vanquished.

Notes
Turn   | Place    | Note
-------+----------+-------------------------------------------
     0 | D:1      | Dillybarz the Minotaur Fighter began the quest for the Orb.
     0 | D:1      | Reached XP level 1. HP: 19/19 MP: 0/0
   150 | D:1      | Reached XP level 2. HP: 27/27 MP: 1/1
   622 | D:1      | Reached XP level 3. HP: 33/33 MP: 2/2
  1621 | D:2      | Reached XP level 4. HP: 40/40 MP: 3/3
  1891 | D:3      | Found a glowing golden altar of the Shining One.
  1899 | D:3      | Found a shadowy altar of Dithmenos.
  2092 | D:3      | Identified the +8 dagger of Impatience {heavy, rC- SInv
                  | Stlth+}
  2166 | D:3      | You fall into a shaft and drop 2 floors!
  2166 | D:5      | Entered Level 5 of the Dungeon
  2173 | D:4      | Noticed Ijyb
  2176 | D:4      | Noticed Pikel
  2178 | D:4      | Noticed a lemure
  2178 | D:4      | Noticed a phantom
  2179 | D:4      | Noticed a lemure
  2179 | D:4      | Noticed a lemure
  2179 | D:4      | Noticed a lemure
  2192 | D:3      | Blown up by Pikel

Illustrated notes

Levels and vault maps discovered:
D:1:      saegor_arrival_fortress, layout_basic
D:2:      layout_loops_ring
D:3:      layout_loops_corners, mainiacjoe_overflow_large_starburst
D:4:      layout_rooms, uniq_ijyb, uniq_pikel
D:5:      layout_basic, gup_sewer_entry_spiral, minmay_checkerbox, uniq_sigmund

Skill      XL: |  1  2  3 |
---------------+----------+-----
Axes           | 3 |  3.9
Fighting       | 4 |  4.3
Armour         | 4 |  4.2
Shields        | 4 |  4.2

Action                     |  1- 3 |  4- 6 || total
---------------------------+-------+-------++-------
  Melee: War axe           |   102 |    20 ||   122
         Headbutt          |    13 |     1 ||    14
         Unarmed           |       |     6 ||     6
    Use: Scroll            |     2 |     4 ||     6
 Armour: Scale mail        |    45 |     5 ||    50
         Skin              |       |     1 ||     1
  Dodge: Dodged            |    42 |    20 ||    62
  Block: Buckler           |    26 |     4 ||    30
